 Dungeon Crawl Stone Soup version 0.27.1-34-g3ba077fa99 (webtiles) character file.

Game seed: 10883715012902327190

9034 sankara the Grappler (level 11, -5/80 (92) HPs)
             Began as a Minotaur Monk on Jan 19, 2022.
             Was a High Priest of Okawaru.
             Slain by a boulder beetle (11 damage)
             ... on level 9 of the Dungeon on Jan 20, 2022.
             The game lasted 00:30:02 (11352 turns).

sankara the Grappler (Minotaur Monk)               Turns: 11352, Time: 00:30:03

HP:   -5/80 (92)    AC: 20    Str: 16    XL:     11   Next: 17%
MP:   13/15         EV: 10    Int: 15    God:    Okawaru [*****.]
Gold: 502           SH:  0    Dex: 18    Spells: 10/10 levels left

rFire    . . .     SeeInvis .     - Unarmed
rCold    . . .     Faith    .   (no shield)
rNeg     . . .     Spirit   .   k - +0 plate armour
rPois    +         Reflect  .   (helmet restricted)
rElec    .         Harm     .   (no cloak)
rCorr    .         Rampage  .   (no gloves)
Will     .....                  Q - +2 pair of boots
Stlth    ..........             (no amulet)
HPRegen  0.23/turn              m - ring of wizardry
MPRegen  0.14/turn              F - ring of Ixiti {rPois Int+6 Dex+4}

@: heroic, heavily drained
A: horns 2, retaliatory headbutt
a: Renounce Religion, Heroism, Finesse


You were on level 9 of the Dungeon.
You worshipped Okawaru.
Okawaru was extremely pleased with you.
You visited 2 branches of the dungeon, and saw 10 of its levels.

You collected 502 gold pieces.

Inventory:

Hand Weapons
 b - the +9 hunting sling of the Present {venom, rC+ Str+3 Int+2}
   (You found it on level 8 of the Dungeon)

   Any ammunition fired from it poisons the flesh of those it strikes.
   Str:       It affects your strength (+3).
   Int:       It affects your intelligence (+2).
   rC:        It protects you from cold.
Missiles
 e - 3 throwing nets
 g - 54 poisoned darts (quivered)
 i - 289 stones
 q - 9 javelins
 r - 103 sling bullets
 u - 22 boomerangs of dispersal
 v - 27 boomerangs
 H - 2 curare-tipped darts
Armour
 k - a +0 plate armour (worn)
 B - +0 steam dragon scales
 G - a +0 pair of boots
 Q - a +2 pair of boots (worn)
Jewellery
 j - a ring of ice
 m - a ring of wizardry (left hand)
 F - the ring of Ixiti (right hand) {rPois Int+6 Dex+4}
   (You found it on level 7 of the Dungeon)

   [ring of intelligence]

   Int:       It affects your intelligence (+6).
   Dex:       It affects your dexterity (+4).
   rPois:     It protects you from poison.
 I - a +6 ring of intelligence
 M - a ring of wizardry
Wands
 a - a wand of flame (30)
 z - a wand of polymorph (6)
 N - a wand of iceblast (10)
Scrolls
 d - 5 scrolls of teleportation {unknown}
 h - 9 scrolls of identify {unknown}
 n - a scroll of magic mapping {unknown}
 p - 2 scrolls of amnesia {unknown}
 w - a scroll of silence {unknown}
 x - a scroll of fog {unknown}
 y - 3 scrolls of holy word {unknown}
 C - a scroll of fear {unknown}
 D - a scroll of torment {unknown}
 E - 3 scrolls of immolation {unknown}
 J - 2 scrolls of enchant weapon {unknown}
 P - a scroll of acquirement {unknown}
 R - a scroll of brand weapon {unknown}
Potions
 c - 2 potions of heal wounds
 f - a potion of haste {unknown}
 l - a potion of brilliance {unknown}
 o - 3 potions of might {unknown}
 s - 2 potions of cancellation {unknown}
 t - 2 potions of attraction {unknown}
 A - 3 potions of flight
 K - a potion of ambrosia {unknown}
 L - 2 potions of mutation {unknown}
 O - 4 potions of curing


   Skills:
 + Level 7.3(12.3) Fighting
 - Level 4.0(10.0) Slings
 - Level 4.0(9.6) Throwing
 - Level 10.0(15.0) Armour
 + Level 5.4(10.4) Dodging
 - Level 1.5(6.5) Stealth
 + Level 11.1(16.1) Unarmed Combat
 - Level 7.0 Invocations
 - Level 3.0 Evocations


You had 10 spell levels left.
You didn't know any spells.
Your spell library contained the following spells:

 Spells                   Type           Power      Damage    Failure   Level
 Corona                   Hex            0%         N/A       87%         1
 Ensorcelled Hibernation  Hex/Ice        0%         N/A       95%         2
 Conjure Flame            Conj/Fire      0%         6-21      99%         3
 Inner Flame              Hex/Fire       0%         N/A       99%         3
 Tukima's Dance           Hex            0%         N/A       99%         3
 Cause Fear               Hex            0%         N/A       100%        4
 Starburst                Conj/Fire      0%         6d3       100%        6
 Spellforged Servitor     Conj/Summ      0%         N/A       100%        7
 Discord                  Hex            0%         N/A       100%        8


Dungeon Overview and Level Annotations

Branches:
Dungeon (9/15)             Temple (1/1) D:4
   Lair: D:8-11         Orc: D:9-12

Altars:
Ashenzari
Cheibriados
Dithmenos
Elyvilon
Fedhas
Gozag
Hepliaklqana
Kikubaaqudgha
Makhleb
Nemelex Xobeh
Okawaru
Qazlal
Ru
Sif Muna
Trog
Uskayaw
Vehumet
Wu Jian
Xom
Yredelemnul
The Shining One
Lugonu

Shops:
D:2 *   D:3 *   D:7 [


Innate Abilities, Weirdness & Mutations

You have a pair of horns on your head.
You reflexively headbutt those who attack you in melee.


Message History

The boulder beetle bites you.
You hit the boulder beetle.
Your headbutt misses the boulder beetle.
The boulder beetle is severely wounded.
You hit the boulder beetle but do no damage.
You headbutt the boulder beetle.
The boulder beetle is severely wounded.
The boulder beetle bites you!
You hit the boulder beetle.
You headbutt the boulder beetle, but do no damage.
The boulder beetle is almost dead.
The boulder beetle leaps!
The boulder beetle curls into a ball and begins rolling!
Items here: ( )) = [ ÷.
The boulder beetle hits you!!!
* * * LOW HITPOINT WARNING * * *
The boulder beetle stops rolling and uncurls.
Items here: ( )) = [ ÷.
You hit the boulder beetle but do no damage.
You headbutt the boulder beetle, but do no damage.
The boulder beetle is severely wounded.
The boulder beetle leaps!
You feel like a meek peon again. The boulder beetle bites you!
* * * LOW HITPOINT WARNING * * *
You feel much better.
The boulder beetle bites you but does no damage.
You gain the combat prowess of a mighty hero.
The boulder beetle bites you!!
* * * LOW HITPOINT WARNING * * *
You hit the boulder beetle but do no damage.
The boulder beetle is severely wounded.
The boulder beetle bites you!
* * * LOW HITPOINT WARNING * * *
Unknown command.
You hit the boulder beetle.
You punch the boulder beetle, but do no damage.
The boulder beetle is severely wounded.
The boulder beetle bites you!
You die...

..##....#..##
##...#...##........
#..##.....##
##.....##.........
....#######
###.###..#....... #..##
##.....##......... ..##
##.#####.##.......< .##
##.#.....#.##....... . #
#.#..###..#.#....... .
..○##.##)#.#...#.#.#.......
#.......#@#.#.#.#.#.......
...##.##.#B#...#.#.#.......
# #.#..###..#.#.......
##.#.....#.##.......
##.#####.##........
##.....##..#....>.
#######.......###
.....###.... .....# #####


You could see a boulder beetle.

Vanquished Creatures
  A centaur warrior (D:9)
  A two-headed ogre (D:9)
  A skeletal warrior (D:9)
  Pikel (D:5)
  A deep elf pyromancer (D:9)
  2 cyclopes (D:9)
  A manticore (D:9)
  A kobold demonologist (D:9)
  Grinder (D:3)
  Sigmund (D:6)
  A steam dragon (D:9)
  Edmund (D:5)
  8 orc warriors
  A sky beast (D:7)
  2 black bears
  4 necrophages
  2 ogres (D:6)
  4 centaurs
  2 phantoms
  8 kobold brigands
  A scorpion (D:6)
  2 bullfrogs
  5 killer bees (D:9)
  2 howler monkeys
  A bullfrog zombie (D:5)
  4 centaur zombies
  3 hounds
  A bullfrog skeleton (D:5)
  A jelly (D:7)
  13 orc priests
  A scorpion zombie (D:5)
  Jessica (D:3)
  7 orc wizards
  Natasha (thrice) (D:3)
  2 killer bee zombies
  3 hound skeletons (D:4)
  A mummy (D:7)
  Robin (D:4)
  7 gnolls
  6 adders
  A shadow imp (D:7)
  A white imp (D:5)
  A dart slug (D:2)
  34 orcs
  A bat (D:4)
  4 endoplasms
  2 giant cockroaches (D:1)
  10 hobgoblins
  25 kobolds
  2 quokkas
  5 ball pythons
  4 frilled lizards
  18 goblins
  7 rats
224 creatures vanquished.

Vanquished Creatures (others)
  An orc wizard (D:8)
1 creature vanquished.

Grand Total: 225 creatures vanquished

Notes
Turn   | Place    | Note
-------+----------+-------------------------------------------
     0 | D:1      | sankara the Minotaur Monk began the quest for the Orb.
     0 | D:1      | Reached XP level 1. HP: 19/19 MP: 0/0
   339 | D:1      | Reached skill level 1 in Armour
   482 | D:1      | Reached XP level 2. HP: 26/26 MP: 1/1
   959 | D:2      | Reached skill level 4 in Unarmed Combat
  1612 | D:2      | Reached XP level 3. HP: 26/31 MP: 2/2
  1784 | D:2      | Found Gonner's Assorted Antiques.
  1950 | D:2      | You fall into a shaft and drop 2 floors!
  1966 | D:4      | Noticed a necrophage
  1981 | D:4      | Killed a necrophage
  1982 | D:4      | Reached skill level 5 in Unarmed Combat
  1982 | D:4      | Reached XP level 4. HP: 31/39 MP: 3/3
  1982 | D:4      | Reached XP level 5. HP: 36/45 MP: 4/4
  2102 | D:3      | Found Lehoowo's Assorted Antiques.
  2107 | D:3      | Reached skill level 6 in Unarmed Combat
  2327 | D:3      | Noticed a necrophage
  2339 | D:3      | Killed a necrophage
  2340 | D:3      | Reached XP level 6. HP: 49/51 MP: 5/5
  2350 | D:3      | Found a basalt altar of Yredelemnul.
  2427 | D:3      | Noticed Grinder
  2445 | D:3      | Paralysed by Grinder for 4 turns
  2465 | D:3      | Paralysed by Grinder for 6 turns
  2477 | D:3      | Killed Grinder
  2478 | D:3      | Reached skill level 7 in Unarmed Combat
  2478 | D:3      | Reached XP level 7. HP: 7/57 MP: 6/6
  2845 | D:3      | Found a faded altar of an unknown god.
  3042 | D:3      | Found an opulent altar of Gozag.
  3042 | D:3      | Noticed Natasha
  3043 | D:3      | Noticed Jessica
  3068 | D:3      | Killed Natasha
  3069 | D:3      | Reached skill level 5 in Armour
  3072 | D:3      | Killed Jessica
  3282 | D:3      | Noticed Natasha
  3289 | D:3      | Killed Natasha
  3361 | D:3      | Found an iron altar of Okawaru.
  3436 | D:3      | Became a worshipper of Warmaster Okawaru
  3436 | D:3      | Reached * piety under Okawaru
  3436 | D:3      | Reached ** piety under Okawaru
  3462 | D:3      | Noticed Natasha
  3470 | D:3      | Killed Natasha
  3603 | D:4      | Reached skill level 8 in Unarmed Combat
  3694 | D:4      | Found a staircase to the Ecumenical Temple.
  3716 | Temple   | Entered the Ecumenical Temple
  3908 | D:4      | Noticed Robin
  3922 | D:4      | Reached skill level 1 in Invocations
  3940 | D:4      | Killed Robin
  3943 | D:4      | Reached skill level 1 in Throwing
  4259 | D:5      | Entered Level 5 of the Dungeon
  4369 | D:5      | Reached XP level 8. HP: 50/66 MP: 4/7
  4682 | D:5      | Found a sparkling altar of Nemelex Xobeh.
  4730 | D:5      | Noticed Edmund
  4740 | D:5      | Killed Edmund
  4817 | D:5      | Noticed Pikel
  4835 | D:5      | Killed Pikel
  4836 | D:5      | Reached skill level 5 in Fighting
  5039 | D:5      | Reached skill level 9 in Unarmed Combat
  5123 | D:5      | Reached XP level 9. HP: 72/74 MP: 10/10
  5318 | D:6      | Reached skill level 5 in Dodging
  5492 | D:6      | Noticed Sigmund
  5499 | D:6      | Killed Sigmund
  5626 | D:6      | You fall into a shaft and drop 1 floor!
  5716 | D:7      | Reached *** piety under Okawaru
  6228 | D:7      | Found a white marble altar of Elyvilon.
  6228 | D:7      | Found a burning altar of Makhleb.
  6228 | D:7      | Found a bloodstained altar of Trog.
  6384 | D:7      | Identified the ring of Ixiti {rPois Int+6 Dex+4}
  6409 | D:7      | Found a snail-covered altar of Cheibriados.
  6453 | D:7      | Reached skill level 1 in Evocations
  6494 | D:7      | Got the Papyrus of Heat and Combat Magic
  6572 | D:7      | Found a hazy altar of Hepliaklqana.
  6723 | D:7      | Found Dirchok's Armour Shoppe.
  6951 | D:7      | Found a blossoming altar of Fedhas.
  7270 | D:8      | Reached skill level 5 in Invocations
  7280 | D:8      | Reached XP level 10. HP: 72/86 MP: 10/12
  7500 | D:8      | Found a sacrificial altar of Ru.
  7561 | D:8      | Found a broken altar of Ashenzari.
  7566 | D:8      | Reached skill level 10 in Unarmed Combat
  7756 | D:8      | Identified the +9 hunting sling of the Present {venom, rC+
                  | Str+3 Int+2}
  8752 | D:9      | Reached **** piety under Okawaru
  8953 | D:9      | Reached skill level 1 in Slings
  9482 | D:9      | Noticed a cyclops
  9492 | D:9      | Killed a cyclops
  9694 | D:9      | Noticed a two-headed ogre
  9714 | D:9      | Killed a two-headed ogre
  9810 | D:9      | Noticed a cyclops
  9810 | D:9      | Noticed a deep elf pyromancer
  9810 | D:9      | Noticed a centaur warrior
  9810 | D:9      | Noticed a skeletal warrior
  9811 | D:9      | Noticed a manticore
  9811 | D:9      | Noticed a boulder beetle
 10189 | D:9      | Killed a deep elf pyromancer
 10616 | D:9      | Killed a skeletal warrior
 10616 | D:9      | Reached ***** piety under Okawaru
 10616 | D:9      | Received a gift from Okawaru
 10617 | D:9      | Reached XP level 11. HP: 58/92 MP: 12/14
 10838 | D:9      | Reached skill level 10 in Armour
 10838 | D:9      | Reached skill level 11 in Unarmed Combat
 11090 | D:9      | Killed a centaur warrior
 11348 | D:9      | HP: 4/80 [boulder beetle (17)]
 11352 | D:9      | Slain by a boulder beetle

Illustrated notes

Levels and vault maps discovered:
D:1:      lightli_arrival_statuegarden, layout_loops_ring,
          grunt_decor_resistance, minmay_parallelograms, minivault_19,
          minmay_worlds_worst_comb
D:2:      layout_rooms, serial_aquarium, aquarium_bridge_straight
          [aquarium_subvault_bridge, aquarium_subvault_wall,
          aquarium_subvault_bridge, aquarium_subvault_balcony],
          aquarium_bridge_square [aquarium_subvault_wall,
          aquarium_subvault_bridge, aquarium_subvault_bridge,
          aquarium_subvault_bridge], aquarium_window_2, aquarium_window_corner,
          aquarium_window_1, aquarium_window_corner, aquarium_view_2a,
          aquarium_view_2g, aquarium_pool_split, serial_shops,
          nicolae_lakefront_shop
D:3:      layout_rooms, general_overflow_altar, overflow_temple_1_default,
          mainiacjoe_overflow_six_doors_small, serial_shops, nicolae_shop_trees,
          ebering_ecumenical_altar_box, minmay_misc_feat_more_columns,
          hangedman_decor_growths, uniq_jessica, uniq_natasha, uniq_grinder
D:4:      layout_rooms, minmay_temple_entry_crystal_x, uniq_robin
D:5:      layout_loops_ring, mainiacjoe_overflow_alcove_2, abandoned_shop,
          uniq_edmund, uniq_pikel
D:6:      layout_basic, minmay_misc_feat_diagonals, minmay_unpleasant_kobolds,
          uniq_sigmund
D:7:      layout_rooms, nicolae_overflow_hidden_temple,
          nicolae_hepliaklqana_hazy_memory, slow_altar_1,
          gammafunk_temple_overflow_claw, serial_shops, nicolae_take_the_stairs
D:8:      layout_gridville, nicolae_ru_path_of_blood, ashenzari_altar_1,
          patterned_corridor
D:9:      minmay_the_grid_octo_2x2 [minmay_the_grid_octo_pinwheel,
          minmay_the_grid_octo_chip, minmay_the_grid_octo_concentric,
          minmay_the_grid_octo_prize_square_snowflake], layout_rooms
Temple:   corrupted_temple

Skill      XL: |  1  2  3  4  5  6  7  8  9 10 11 |
---------------+----------------------------------+-----
Armour         | 1 3 4 5 7 8 9 10 | 10.0
Unarmed Combat | 4 5 6 7 8 9 10 11 | 11.1
Invocations    | 1 3 5 6 7 |  7.0
Fighting       | 4 5 7 |  7.3
Throwing       | 1 3 4 |  4.0
Dodging        | 4 5 |  5.4
Evocations     | 1 3 |  3.0
Slings         | 4 |  4.0
Stealth        | |  1.5

Action                   |  1- 3 |  4- 6 |  7- 9 | 10-12 || total
-------------------------+-------+-------+-------+-------++-------
Melee: Unarmed           |    68 |    70 |   341 |   136 ||   615
       Headbutt          |    13 |    14 |    58 |    24 ||   109
       Punch             |     1 |     2 |    21 |     9 ||    33
 Fire: Hunting sling     |       |       |       |    91 ||    91
Throw: Dart              |       |     5 |    16 |       ||    21
Invok: Heroism           |       |       |    18 |    10 ||    28
Evoke: Wand              |       |       |     2 |       ||     2
  Use: Potion            |       |       |     3 |     2 ||     5
Armor: Ring mail         |    11 |       |       |       ||    11
       Plate armour      |    17 |    44 |   177 |    91 ||   329
Dodge: Dodged            |    28 |    18 |   104 |    69 ||   219
